 Dungeon Crawl Stone Soup version 0.20-a0-1062-g7b787ac (webtiles) character file.

41613 Goblin1989 the Unseen (level 13, -2/70 HPs)
             Began as a Spriggan Assassin on Apr 27, 2017.
             Was the Champion of Jiyva.
             Killed from afar by an orc wizard (6 damage)
             ... with a magic dart
             ... on level 2 of the Orcish Mines on Apr 28, 2017.
             The game lasted 02:38:49 (21074 turns).

Goblin1989 the Unseen (Spriggan Assassin)          Turns: 21074, Time: 02:38:49

Health: -2/70      AC:  6    Str: 10      XL:     13   Next: 10%
Magic:  16/16      EV: 36    Int:  8      God:    Jiyva [******]
Gold:   1121       SH: 12    Dex: 31 (32) Spells: 12/12 levels left

rFire    + + .     SeeInvis +   a - +0 dagger (venom)
rCold    . . .     Gourm    .   w - +2 buckler
rNeg     . . .     Faith    .   S - +1 robe of the Valley of Death {rF+ rCorr Str+6}
rPois    .         Spirit   .   k - +2 hat
rElec    .         Reflect  .   d - +0 cloak
rCorr    +         Harm     .   (gloves unavailable)
MR       ++...                  (boots unavailable)
Stlth    +++++++...             (no amulet)
Regen    0.3/turn               q - +1 ring of evasion
MPRegen  0.2/turn               (no ring)

@: studying Earth Magic, very quick
A: unfitting armour, claws 1, hooves 1, see invisible, agile 1, deterioration 1,
fire resistance 1, herbivore 3, speed 3, screaming 1, slow metabolism 2, wild
magic 1, jelly absorbing missiles, sturdy frame 1
}: 1/15 runes: slimy
a: Request Jelly, Slimify, Cure Bad Mutation, Renounce Religion


You were on level 2 of the Orcish Mines.
You worshipped Jiyva.
Jiyva was exalted by your worship.
You were completely stuffed.

You visited 5 branches of the dungeon, and saw 27 of its levels.

You collected 1121 gold pieces.

Inventory:

Hand Weapons
 a - a +0 dagger of venom (weapon)
 b - a +0 short sword of freezing
 f - a +4 dagger of flaming
 l - the +2 war axe of Objectivity {freeze, rC+ rN+ Str+4 Dex-5 Stlth+}
   (You found it on level 5 of the Pits of Slime)

   It has been specially enchanted to freeze those struck by it, causing extra
   injury to most foes and up to half again as much damage against particularly
   susceptible opponents.
   It can also slow down cold-blooded creatures.
   It affects your strength (+4).
   It affects your dexterity (-5).
   It protects you from cold.
   It protects you from negative energy.
   It makes you more stealthy.
 P - a +0 giant spiked club
 X - a +0 giant spiked club
Missiles
 m - 52 sling bullets
 s - 33 bolts
 t - 15 stones (quivered)
 D - 134 arrows
Armour
 d - a +0 cloak (worn)
 h - a +1 troll leather armour
 k - a +2 hat (worn)
 w - a +2 buckler (worn)
 A - a +0 plate armour
 C - a +1 chain mail of poison resistance
 H - a +0 plate armour
 I - a +2 robe of magic resistance
 L - a +0 plate armour
 O - a +0 plate armour
 R - a +2 chain mail of cold resistance
 S - the +1 robe of the Valley of Death (worn) {rF+ rCorr Str+6}
   (You found it on level 5 of the Dungeon)

   It affects your strength (+6).
   It protects you from fire.
   It protects you from acid and corrosion.
Jewellery
 o - an uncursed ring of ice
 q - a +1 ring of evasion (left claw)
Wands
 r - a wand of digging (24/24)
Scrolls
 g - a scroll of fog
 n - 2 scrolls of fear
 u - 2 scrolls of recharging
 v - 8 scrolls of remove curse {@r2}
 B - 3 scrolls of blinking
 F - 4 scrolls of amnesia
 G - a scroll of brand weapon
 K - 2 scrolls of immolation
 M - 2 scrolls of magic mapping
 T - 4 scrolls of teleportation {!r, @r3}
 V - 2 scrolls of enchant weapon
 Z - 2 scrolls of enchant armour
Potions
 c - 3 potions of mutation {unknown}
 i - 11 potions of curing {@q1}
 j - 5 potions of magic {unknown}
 p - 2 potions of might {unknown}
 y - 2 potions of lignification
 z - 3 potions of brilliance {unknown}
 E - 3 potions of flight {unknown}
 Q - 2 potions of agility
 Y - 2 potions of haste {unknown}
Books
 N - a manual of Earth Magic
 W - a book of Power

   Spells                             Type                      Level
   a - Iskenderun's Battlesphere      Conjuration/Charms           5
   b - Venom Bolt                     Conjuration/Poison           5
   c - Bolt of Magma                  Conjuration/Fire/Earth       5
   d - Iron Shot                      Conjuration/Earth            6
   e - Orb of Destruction             Conjuration                  7
   f - Spellforged Servitor           Conjuration/Summoning        7
Miscellaneous
 x - a phial of floods (inert)
Comestibles
 e - 8 bread rations {@e1}
 J - 19 fruits
 U - 6 royal jellies


   Skills:
 + Level 9.0 Fighting
 - Level 10.0 Short Blades
 - Level 2.0 Throwing
 + Level 14.1 Dodging
 + Level 16.4 Stealth
 - Level 7.2 Shields
 - Level 1.6 Unarmed Combat
 - Level 3.6 Evocations


You had 12 spell levels left.
You didn't know any spells.

Dungeon Overview and Level Annotations

Branches:
Dungeon (13/15)            Temple (0/1) D:4            Lair (6/6) D:9
 Spider (1/4) Lair:2        Slime (5/5) Lair:5          Orc (2/2) D:11
  Swamp: Lair:2-4    Shoals: Lair:2-4       Elf: Orc:2       Vaults: D:13-14

Altars:
Cheibriados
Dithmenos
Gozag
Hepliaklqana
Kikubaaqudgha
Makhleb
Nemelex Xobeh
Okawaru
Qazlal
Ru
Trog
Wu Jian
Xom
Yredelemnul
The Shining One
Beogh
Jiyva

Shops:
Orc:2 =

Annotations:
D:3 Ijustatesigmund's ghost, amateur BaFi; Ijyb
D:7 Dowan; Gorglomux's ghost, novice TeFE
D:9 Bronet's ghost, novice FoAK
Spider:1 Rupert
Slime:5 Royal Jelly


Innate Abilities, Weirdness & Mutations

You are very small and have problems with some larger weapons.
You are too small for most types of armour.
You have supernaturally acute eyesight. (SInv)
You are a herbivore.
You cover ground extremely quickly.
You need consume almost no food.
You have sharp fingernails.
You have large cloven feet.
You are agile. (Dex +2)
Your body sometimes deteriorates upon taking damage.
Your flesh is heat resistant. (rF+)
You occasionally shout uncontrollably at your foes.
Your spells are a little harder to cast, but a little more powerful.
You have a small jelly attached to you that may absorb incoming projectiles.
Your movements are slightly less encumbered by armour. (ER -2)


Message History

You kick the orc wizard, but do no damage.
The orc wizard is heavily wounded.
You block the orc's attack.
You hit the orc wizard. You burn the orc wizard.
Your kick misses the orc wizard.
The orc wizard is severely wounded.
The orc wizard gestures at you while chanting.
The puff of flame misses you. You block the orc wizard's attack.
You block the ogre's attack.
You barely miss the orc wizard.
You kick the orc wizard, but do no damage.
The orc wizard is lightly wounded.
Wield which item (- for none, * to show all)? (? for menu, Esc to quit)
Your +4 dagger of flaming stops flaming.
Your +0 dagger of venom begins to drip with poison!
a - a +0 dagger of venom (weapon)
You block the orc wizard's attack.
You hit the orc wizard but do no damage.
Your kick misses the orc wizard.
The orc wizard is lightly wounded.
You block the orc wizard's attack. You block the ogre's attack.
You closely miss the orc wizard.
The orc wizard is lightly wounded.
The orc completely misses you. The orc wizard casts a spell at you.
The magic dart hits you!
* * * LOW HITPOINT WARNING * * *
You take 3 damage, and have 17/70 hp.
The orc wizard casts a spell at you. The puff of flame misses you.
The orc wizard gestures at you while chanting.
The puff of flame misses you.
Found a stone staircase leading up.
You hit the ogre. You kick the ogre, but do no damage.
The ogre is lightly wounded.
The ogre completely misses you.
You hit the ogre but do no damage.
The ogre is poisoned.
You kick the ogre, but do no damage.
The ogre is lightly wounded.
You block the orc's attack.
You hit the orc but do no damage.
The orc is poisoned.
The orc is severely wounded.
The orc wizard looks satisfied for a moment.
You hit the ogre.
The ogre is poisoned.
You kick the ogre, but do no damage.
The ogre is heavily wounded.
You block the ogre's attack.
You hit the ogre.
The ogre is heavily wounded.
You closely miss the ogre. You kick the ogre, but do no damage.
The ogre is severely wounded.
You block the ogre's attack.
You hit the ogre but do no damage.
The ogre looks as sick as possible!
You kick the ogre, but do no damage.
The ogre is severely wounded.
You hit the ogre.
The ogre looks as sick as possible!
You kick the ogre, but do no damage.
The ogre is almost dead.
You hit the ogre but do no damage. You kick the ogre, but do no damage.
The ogre is almost dead.
You feel a bit more experienced.
The ogre hits you with a giant spiked club!
* * * LOW HITPOINT WARNING * * *
Your body deteriorates!
You feel clumsy.
You take 14 damage, and have 6/70 hp.
The orc wizard mumbles some strange words.
The orc wizard flickers and vanishes for a moment.
You kill the ogre!
Your Fighting skill increases to level 9!
Unknown command.
The orc wizard is no longer moving quickly.
The orc wizard looks encouraged for a moment.
You hit the orc wizard. Your kick misses the orc wizard.
The orc wizard is heavily wounded.
The orc wizard gestures at you while chanting.
The magic dart hits you!
* * * LOW HITPOINT WARNING * * *
You take 3 damage, and have 4/70 hp.
You hit the orc wizard.
The orc wizard is poisoned.
You kick the orc wizard, but do no damage.
The orc wizard is heavily wounded.
The orc wizard casts a spell at you. The puff of flame misses you.
You hit the orc wizard.
The orc wizard looks even sicker.
You kick the orc wizard, but do no damage.
The orc wizard is severely wounded.
The orc wizard gestures at you while chanting.
The puff of frost misses you.
You hit the orc wizard but do no damage.
The orc wizard looks as sick as possible!
You kick the orc wizard, but do no damage.
The orc wizard is severely wounded.
You hit the orc wizard.
The orc wizard is poisoned.
You kick the orc wizard, but do no damage.
The orc wizard is severely wounded.
You block the orc wizard's attack.
You closely miss the orc wizard. Your kick misses the orc wizard.
The orc wizard is severely wounded.
The orc wizard points at you and mumbles some strange words.
The magic dart hits you!
You die...

██........██..█........██
...............)........██
...................o.....██
....███..........██.......█
...██ █.......).███........
...███.........████.......█
.....█...........█)......██
█.........██.....o......██
███.......██....@o.....██
█.......████........███
██......██ ██.......█
█........████........<█
██.........█...........█
█.......................█
.....██..................
.......█........██......
..██..██.......


You could see 2 orc wizards.

Vanquished Creatures
  An ettin (Orc:1)
  A hydra (Lair:3)
  2 two-headed ogres
  An ugly thing (D:13)
  A cyclops (D:11)
  2 orc sorcerers
  An orb spider (Lair:2)
  3 spiny frogs
  4 centaur skeletons
  A rime drake (Lair:2)
  6 komodo dragons
  A jumping spider (Lair:2)
  A troll (Orc:1)
  A hornet (D:9)
  6 hippogriffs
  A blink frog (Lair:1)
  20 yaks
  A wyvern (D:13)
  A wraith (D:10)
  A hungry ghost (D:13)
  2 basilisks (Lair:3)
  5 vampire mosquitoes (D:12)
  4 wargs (D:11)
  6 porcupines
  5 water moccasins
  2 sky beasts
  An ice beast (D:6)
  12 orc warriors
  A phantom (D:11)
  9 ogres
  7 wolves
  10 centaurs
  14 crocodiles
  A big kobold (D:11)
  Blork the orc (D:4)
  9 bullfrogs
  4 scorpions
  11 killer bees
  3 howler monkeys (D:11)
  2 crimson imps
  4 centaur zombies
  3 hounds
  6 orc priests
  A bullfrog skeleton (D:5)
  10 orc wizards
  3 iguanas
  7 hell rats (Lair:1)
  4 worker ants
  A hound zombie (D:5)
  6 adders
  7 river rats (Lair:1)
  A shadow imp (D:13)
  5 worms
  5 dart slugs
  4 leopard geckos
  37 orcs
  A ball python (D:2)
  12 bats
  5 giant cockroaches
  4 goblins
  2 hobgoblins
  4 jackals (D:3)
  7 quokkas
  6 frilled lizards
  A giant cockroach zombie (D:6)
  17 kobolds
  16 rats
  A butterfly (Lair:2)
345 creatures vanquished.

Vanquished Creatures (collateral kills)
  The ghost of anet the Infuser, a journeyman DEWz of Ashenzari (Orc:1)
  A two-headed ogre (D:10)
  An orc high priest (Orc:1)
  2 orc knights
  A black mamba (Lair:3)
  4 spiny frogs
  A komodo dragon (Lair:3)
  2 blink frogs (Lair:1)
  A redback (shapeshifter) (D:13)
  12 yaks
  2 wargs (Orc:1)
  4 orc warriors
  A crocodile (D:11)
  A wyvern zombie (D:10)
  2 river rats (Lair:1)
  An orc (Orc:1)
  A quokka (Lair:1)
  2 rats (Lair:1)
40 creatures vanquished.

Vanquished Creatures (others)
  A hydra (Lair:2)
  A troll (D:11)
  A slime creature (Orc:1)
  3 hippogriffs
  A blink frog (Lair:5)
  A water elemental (D:11)
  A yak (Lair:1)
  2 vampire mosquitoes (D:12)
  A water moccasin (Lair:5)
  A porcupine (Lair:5)
  An orc warrior (Orc:1)
  2 eyes of draining
  77 jellies
  3 bullfrogs
  A crimson imp (D:12)
  A hound (D:11)
  3 orc wizards
  An orc priest (D:11)
  A hound zombie (D:10)
  A river rat (Lair:1)
  An adder (D:3)
  An ooze (Orc:1)
  A worm (D:3)
  3 orcs
  A bat (D:3)
  2 goblins (D:3)
  4 hobgoblins (D:3)
  3 jackals (D:3)
  2 kobolds (D:3)
  A quokka (Lair:1)
  5 rats
  8 fungi
  4 plants
140 creatures vanquished.

Grand Total: 525 creatures vanquished

Notes
Turn   | Place    | Note
-------+----------+-------------------------------------------
     0 | D:1      | Goblin1989 the Spriggan Assassin began the quest for the Orb.
     0 | D:1      | Reached XP level 1. HP: 10/10 MP: 2/2
   172 | D:1      | Reached skill level 6 in Stealth
   292 | D:1      | Reached XP level 2. HP: 9/14 MP: 3/3
   587 | D:1      | Reached skill level 7 in Stealth
  1304 | D:2      | Reached XP level 3. HP: 10/18 MP: 4/4
  1476 | D:2      | Reached skill level 8 in Stealth
  1844 | D:2      | Found a hazy altar of Hepliaklqana.
  1862 | D:2      | Reached XP level 4. HP: 5/22 MP: 5/5
  2666 | D:2      | Found a glowing golden altar of the Shining One.
  2965 | D:3      | Noticed Ijyb
  3022 | D:3      | Noticed Ijustatesigmund's ghost (amateur BaFi)
  3029 | D:4      | Noticed a phantom
  3032 | D:4      | Reached skill level 9 in Stealth
  3042 | D:5      | Entered Level 5 of the Dungeon
  3088 | D:5      | Got a transparent robe
  3109 | D:5      | Reached XP level 5. HP: 24/25 MP: 6/6
  3176 | D:5      | Identified the +1 robe of the Valley of Death {rF+ rCorr Str+6} (You found it on level 5 of the Dungeon)
  3219 | D:6      | Found a snail-covered altar of Cheibriados.
  3234 | D:6      | crauler: в транке же попадание камнем заставляет кричать
  3259 | D:6      | crauler: тихо не разбудишь
  3259 | D:6      | Goblin1989: да я от делать нечего балуюсь
  3259 | D:6      | Goblin1989: мне нужно до л6 дойти на минимальном уровне
  3259 | D:6      | crauler: я только по этой причине кравл и запускал, лол
  3259 | D:6      | Goblin1989: чтобы дживу взять
  3259 | D:6      | Goblin1989: а потом руну в слаймах
  3271 | D:6      | crauler: зачем уровень то минимальный?
  3272 | D:6      | Goblin1989: ну так есть же ачивка такая
  3349 | D:6      | Reached skill level 10 in Stealth
  3410 | D:6      | Noticed an ice beast
  3494 | D:6      | Found a shadowy altar of Dithmenos.
  3678 | D:7      | Noticed an ogre
  3765 | D:7      | Noticed Dowan
  3792 | D:8      | Noticed a centaur
  3886 | D:8      | Reached skill level 11 in Stealth
  3886 | D:8      | Reached XP level 6. HP: 30/30 MP: 7/7
  4004 | D:8      | Noticed a two-headed ogre
  4136 | D:9      | Found a burning altar of Makhleb.
  4151 | D:9      | Reached skill level 12 in Stealth
  4306 | D:9      | Found an ornate altar of the Wu Jian Council.
  4378 | D:9      | Noticed a hornet
  4452 | D:9      | Found a staircase to the Lair.
  4460 | Lair:1   | Entered Level 1 of the Lair of Beasts
  4465 | Lair:1   | Goblin1989: Л1
  4465 | Lair:1   | Goblin1989: уже интереснее
  4471 | Lair:1   | Noticed a blink frog
  4472 | Lair:1   | Noticed a blink frog
  4489 | Lair:2   | Noticed a porcupine
  4491 | Lair:2   | Noticed a seven-headed hydra
  4505 | Lair:2   | Goblin1989: @?? porcupine
  4505 | Lair:2   | beem: porcupine (r)
                  | Spd:
    12 | HD: 4    | HP: 13-19
                  | AC/EV: 2/12 (spiny 5d4)
                  | Dam: 16
                  | Res: magic(20)
                  | XP:
   142 | Sz: tiny | Int: animal.
  4505 | Lair:2   | Goblin1989: @?? spriggan
  4505 | Lair:2   | beem: spriggan (i)
                  | Spd: 10 (move: 60%)
                  | HD: 7
                  | HP: 19-29
                  | AC/EV: 3/18
                  | Dam: 15
                  | weapons, items, doors, see invisible
                  | Res: magic(60)
                  | XP:
   216 | Sz: little | Int: human.
  4505 | Lair:2   | Goblin1989: то есть она меня все-таки быстрее?
  4508 | Lair:2   | crauler: по идее нет
  4508 | Lair:2   | Goblin1989: я быстрее, да
  4533 | Lair:3   | crauler: @??comodo
  4533 | Lair:3   | beem: unknown monster: "comodo"
  4533 | Lair:3   | crauler: @??comodo dragon
  4533 | Lair:3   | beem: unknown monster: "comodo dragon"
  4541 | Lair:3   | crauler: как там комод называется
  4550 | Lair:3   | Reached XP level 7. HP: 33/33 MP: 8/8
  4552 | Lair:3   | Goblin1989: hz
  4558 | Lair:3   | Noticed a basilisk
  4597 | Lair:2   | Noticed a rime drake
  4597 | Lair:2   | Noticed a spiny frog
  4620 | Lair:3   | Noticed a yak
  4637 | Lair:3   | Noticed a five-headed hydra
  4775 | Lair:4   | Noticed a yak
  4776 | Lair:4   | Noticed a yak
  4776 | Lair:4   | Noticed a yak
  4788 | Lair:4   | crauler: хлам для живчика?
  4807 | Lair:4   | Goblin1989: fufcm
  4807 | Lair:4   | Goblin1989: агась
  4810 | Lair:4   | Noticed a spiny frog
  4823 | Lair:5   | Noticed a hippogriff
  4823 | Lair:5   | Noticed a hippogriff
  4850 | Lair:4   | Goblin1989: пронесло
  4850 | Lair:4   | Goblin1989: слез по леснице, а там гриффон и эта сволчь, что чуть-чуть медленнее меня
  4859 | Lair:4   | Noticed a black mamba
  4890 | Lair:3   | You fall through a shaft!
  5151 | Lair:5   | Found a viscous altar of Jiyva.
  5151 | Lair:5   | Found a staircase to the Slime Pits.
  5155 | Lair:5   | Goblin1989: ждива!!!
  5155 | Lair:5   | Goblin1989: ололо!!!!!!
  5155 | Lair:5   | Became a worshipper of Jiyva Jitunib the Shapeless
  5209 | Lair:5   | Reached * piety under Jiyva
  5255 | Lair:5   | Reached ** piety under Jiyva
  5289 | Lair:5   | Goblin1989: черт
  5289 | Lair:5   | Goblin1989: мало шмоток натырил
  5315 | Lair:5   | crauler: время вернуться в данж
  5333 | Lair:4   | Goblin1989: ну да
  5586 | Lair:5   | Killed a hippogriff
  5619 | Lair:5   | Killed a hippogriff
  5707 | Lair:4   | crauler: я смотрю все спеллы с жезлов добавили палкам
  5709 | Lair:4   | Goblin1989: ну да
  5709 | Lair:4   | Goblin1989: диск шторма удалили
  5714 | Lair:4   | Reached skill level 1 in Unarmed Combat
  5993 | Lair:4   | crauler: куда анарм? мутагена переел, решил что будешь когтями с хвостами махаться?
  5994 | Lair:4   | Goblin1989: бля
  5994 | Lair:4   | Goblin1989: сережа далбаеп
  5994 | Lair:4   | Goblin1989: спасибо
  5994 | Lair:4   | Goblin1989: я почти не гляюде на скилы когда на кнопки жал
  5999 | Lair:4   | Noticed a yak
  6000 | Lair:4   | Noticed a yak
  6001 | Lair:4   | Noticed a yak
  6124 | Lair:4   | Goblin1989: приветы, рени!
  6133 | Lair:4   | ReniFell: goblens
  6136 | Lair:4   | ReniFell: craulir
  6157 | Lair:4   | ReniFell: jivyom!!!
  6159 | Lair:4   | ReniFell: kak dela
  6166 | Lair:4   | Reached XP level 8. HP: 23/40 MP: 9/9
  6184 | Lair:4   | ReniFell: >>>>>>>>jiva
  6184 | Lair:4   | Goblin1989: кароче
  6184 | Lair:4   | Goblin1989: надо все-таки брать сперва аша, чтобы набрать большую кучу шмота
  6184 | Lair:4   | ReniFell: ??ashe wrath
  6184 | Lair:4   | beem: ashe wrath ~ ash wrath ~ ashenzari wrath[1/1]: -4 to all skills. Also boosts enemy AI: better pathfinding, they're more likely to target you when you're invisible, and they never forget about you. The wrath ends after you've gained two experience levels (or an equivalent amount of xp), not after a certain number of turns.
  6184 | Lair:4   | Goblin1989: а потом перебегать к дживе и брать руну на низком уровне
  6243 | Lair:4   | Reached *** piety under Jiyva
  6280 | Lair:2   | ReniFell: dva urovnya nabirat'...
  6344 | Lair:2   | Goblin1989: на самом деле абсолютно похую
  6344 | Lair:2   | Goblin1989: надо все лишь руну взять в слаймах
  6344 | Lair:2   | Goblin1989: а потом и умереть не жалко!
  6370 | Lair:1   | crauler: враги не забывающие тебя
  6373 | Lair:1   | crauler: ужас стелсера
  6506 | D:6      | crauler: сколько там надо?
  6559 | D:4      | crauler: четыре звезды?
  6559 | D:4      | Goblin1989: шесть!
  6606 | D:4      | Noticed Blork the orc
  6694 | D:4      | You fall through a shaft for 2 floors!
  7069 | D:3      | Gained mutation: You tend to lose your temper in combat. [Jiyva's grace]
  7081 | D:3      | Reached **** piety under Jiyva
  7177 | D:3      | Found an iron altar of Okawaru.
  7274 | D:3      | Found a basalt altar of Yredelemnul.
  7860 | D:4      | ReniFell: Мой рабочий инет порой удивляет
  7869 | D:4      | ReniFell: А порой не удивляет
  7870 | D:4      | Killed Blork the orc
  7871 | D:4      | Goblin1989: а ты где работаешь?
  7882 | D:4      | ReniFell: wow u didnt expect that dont ya
  7882 | D:4      | Found a staircase to the Ecumenical Temple.
  7920 | D:4      | ReniFell: В издательстве
  7971 | D:4      | Reached ***** piety under Jiyva
  8007 | D:4      | Found an ancient bone altar of Kikubaaqudgha.
  8009 | D:4      | Found an opulent altar of Gozag.
  8009 | D:4      | Found a sparkling altar of Nemelex Xobeh.
  8011 | D:4      | Found a snail-covered altar of Cheibriados.
  8011 | D:4      | Found a shimmering altar of Xom.
  8011 | D:4      | Found an opulent altar of Gozag.
  8128 | D:4      | ReniFell: Ты рашил живу что ли?
  8128 | D:4      | Goblin1989: хотел сделать Runes Fetched at Lowest XL
  8143 | D:4      | Reached skill level 5 in Short Blades
  8143 | D:4      | Reached skill level 5 in Dodging
  8226 | D:4      | ReniFell: И че, спиздил?
  8229 | D:4      | Goblin1989: no
  8302 | D:5      | ReniFell: Я не в курсе, как в этой версии
  8493 | D:5      | Gained mutation: You have acidic saliva. [Jiyva's grace]
  8509 | D:5      | Found a bloodstained altar of Trog.
  8759 | D:6      | ReniFell: Мой друган в 0.18, помню, дошел до л8, не нашел живу, зарашил слайм6 и взял живу в двух тайлах от трж
  8759 | D:6      | ReniFell: Царский мув
  8831 | D:7      | Found a sacrificial altar of Ru.
  8879 | D:7      | Found a sparkling altar of Nemelex Xobeh.
  8898 | D:7      | Noticed Gorglomux's ghost (novice TeFE)
  8982 | D:7      | Found a stormy altar of Qazlal.
  9104 | D:7      | Found a shadowy altar of Dithmenos.
  9474 | D:8      | Reached XP level 9. HP: 45/45 MP: 10/10
  9501 | D:8      | Killed a two-headed ogre
  9723 | D:9      | Gained mutation: You have a pair of small horns on your head. [Jiyva's grace]
  9955 | D:9      | Reached skill level 5 in Fighting
  9969 | D:9      | crauler: зерк головного мозга?
  9975 | D:9      | Goblin1989: mutation
  9975 | D:9      | crauler: спасибо жива!
  9980 | D:9      | Noticed Bronet's ghost (novice FoAK)
  9983 | D:9      | Lost mutation: You have acidic saliva. [Jiyva's grace]
 10123 | D:10     | Entered Level 10 of the Dungeon
 10451 | Lair:1   | crauler: вруйс не открывает двери?
 10451 | Lair:1   | crauler: @??wraith
 10451 | Lair:1   | beem: wraith (W)
                  | Spd:
    10 | HD: 6    | HP: 27-39
                  | AC/EV: 10/10
                  | Dam: 15(drain speed)
                  | undead, doors, evil, see invisible, fly, unbreathing
                  | Res: magic(60), cold, poison+++, drown, rot+++, neg+++, torm, napalm
                  | Vul: holy
                  | XP:
   210 | Sz: Medium | Int: human.
 10457 | Lair:1   | Reached ****** piety under Jiyva
 10517 | Lair:1   | Reached XP level 10. HP: 51/51 MP: 11/11
 10651 | Slime:1  | Entered Level 1 of the Pits of Slime
 10651 | Slime:1  | Noticed an azure jelly
 10651 | Slime:1  | Noticed an acid blob
 10659 | Slime:2  | Noticed an acid blob
 10662 | Slime:2  | Noticed an acid blob
 10672 | Slime:4  | Noticed a shining eye
 10676 | Slime:4  | Noticed a glowing orange brain
 10681 | Slime:4  | Noticed an acid blob
 10686 | Slime:5  | Entered Level 5 of the Pits of Slime
 10686 | Slime:5  | Noticed an acid blob
 10694 | Slime:5  | Noticed a death ooze
 10695 | Slime:5  | Noticed an eye of devastation
 10695 | Slime:5  | Noticed an acid blob
 10698 | Slime:5  | Noticed a great orb of eyes
 10699 | Slime:5  | Found a viscous altar of Jiyva.
 10699 | Slime:5  | Noticed a death ooze
 10699 | Slime:5  | Noticed the Royal Jelly
 10699 | Slime:5  | Noticed a great orb of eyes
 10699 | Slime:5  | Noticed a death ooze
 10701 | Slime:5  | Noticed an acid blob
 10705 | Slime:5  | Noticed an acid blob
 10706 | Slime:5  | Lost mutation: You tend to lose your temper in combat. [Jiyva's grace]
 10713 | Slime:5  | Gained mutation: You are agile. (Dex +2) [Jiyva's grace]
 10721 | Slime:5  | Noticed an acid blob
 10724 | Slime:5  | Gained mutation: You have a small jelly attached to you that may absorb incoming projectiles. [Jiyva's grace]
 10735 | Slime:5  | Got a slimy rune of Zot
 10741 | Slime:5  | Noticed an acid blob
 10745 | Slime:5  | Got a shimmering war axe
 10749 | Slime:5  | Noticed an acid blob
 10752 | Slime:5  | Goblin1989: миссия выполнен!
 10752 | Slime:5  | Goblin1989: а!
 10752 | Slime:5  | Goblin1989: на десятом уровне взял руну в слаймах
 10752 | Slime:5  | ReniFell: speezdil
 10752 | Slime:5  | Goblin1989: еще немного напрягусь и возьму на 8 или на 7
 10752 | Slime:5  | Goblin1989: не обязательно аша брать
 10752 | Slime:5  | crauler: уже мог на 9ом
 10765 | Slime:5  | Identified the +2 war axe of Objectivity {freeze, rC+ rN+ Str+4 Dex-5 Stlth+} (You found it on level 5 of the Pits of Slime)
 10798 | Slime:4  | Noticed an acid blob
 10823 | Slime:1  | Noticed a shining eye
 10942 | Lair:5   | Reached skill level 1 in Shields
 11001 | Lair:5   | Gained mutation: Your flesh is heat resistant. (rF+) [Jiyva's grace]
 11844 | Lair:6   | Entered Level 6 of the Lair of Beasts
 11852 | Lair:6   | Noticed a spiny frog
 11901 | Lair:4   | Killed a spiny frog
 12083 | Lair:4   | Reached skill level 10 in Short Blades
 12276 | Lair:3   | Reached skill level 10 in Dodging
 12398 | Lair:3   | Reached skill level 13 in Stealth
 12572 | Lair:3   | Noticed a black mamba
 12584 | Lair:3   | Killed a black mamba
 12584 | Lair:3   | Reached XP level 11. HP: 29/58 MP: 12/12
 12606 | Lair:3   | Killed a five-headed hydra
 12675 | Lair:3   | Goblin1989: You take 36 damage, and have 3/58 hp. MASSIVE DAMAGE!!
 13205 | Lair:2   | Gained mutation: Armour fits poorly on your pseudopods. [Jiyva's grace]
 13338 | Lair:2   | Noticed an orb spider
 13339 | Lair:2   | Found a hole to the Spider Nest.
 13414 | Lair:2   | Killed a seven-headed hydra
 13454 | Lair:2   | Gained mutation: You have sharp fingernails. [Jiyva's grace]
 13462 | Lair:2   | Reached skill level 5 in Shields
 14195 | Lair:1   | Reached skill level 14 in Stealth
 14305 | Lair:1   | Gained mutation: Your mind is acute. (Int +2) [Jiyva's grace]
 14421 | Lair:1   | Goblin1989: You have sharp fingernails. You have a pair of small horns on your head. You are agile. (Dex +2) Your mind is acute. (Int +2) Your flesh is heat resistant. (rF+) Armour fits poorly on your pseudopods. You have a small jelly attached to you that may absorb incoming projectiles.
 14421 | Lair:1   | Goblin1989: лан, завтра пАиграю еще :)
 14421 | Lair:1   | Goblin1989: всем гуд :)))
 14935 | Lair:1   | Gained mutation: Your spells are a little harder to cast, but a little more powerful. [Jiyva's grace]
 15618 | D:10     | Noticed a two-headed ogre
 15640 | D:10     | Killed a two-headed ogre
 15736 | D:10     | Noticed a two-headed ogre
 15737 | D:10     | Killed a two-headed ogre
 15737 | D:10     | Reached XP level 12. HP: 64/64 MP: 13/13
 15882 | D:10     | Lost mutation: You have a pair of small horns on your head. [Jiyva's grace]
 16582 | D:11     | Found a staircase to the Orcish Mines.
 16847 | D:11     | Gained mutation: Your movements are slightly less encumbered by armour. (ER -2) [Jiyva's grace]
 16982 | D:11     | Gained mutation: You are resistant to electric shocks. (rElec) [Jiyva's grace]
 17248 | D:12     | Reached skill level 1 in Evocations
 17675 | D:12     | Reached skill level 15 in Stealth
 17850 | D:12     | Lost mutation: Armour fits poorly on your pseudopods. [Jiyva's grace]
 17935 | D:12     | Noticed a death ooze
 17935 | D:12     | a vampire mosquito changed into a death ooze
 18238 | Orc:1    | Entered Level 1 of the Orcish Mines
 18368 | D:11     | Lost mutation: You are resistant to electric shocks. (rElec) [Jiyva's grace]
 18427 | Orc:1    | Noticed anet's ghost (journeyman DEWz)
 18531 | D:11     | Lost mutation: Your mind is acute. (Int +2) [Jiyva's grace]
 19113 | D:13     | Gained mutation: You occasionally shout uncontrollably at your foes. [Jiyva's grace]
 19620 | Spider:1 | Entered Level 1 of the Spider Nest
 19622 | Spider:1 | Noticed an entropy weaver
 19632 | Spider:1 | Noticed Rupert
 19996 | Orc:1    | Killed anet's ghost
 20432 | Orc:1    | Gained mutation: You are partially covered in rugged brown scales. (AC +1, +3% HP) [Jiyva's grace]
 20478 | D:11     | Paralysed by an orc sorcerer for 5 turns
 20483 | D:11     | Reached skill level 16 in Stealth
 20593 | Orc:1    | Gained mutation: You have large cloven feet. [Jiyva's grace]
 20662 | Orc:1    | Found a roughly hewn altar of Beogh.
 20671 | Orc:1    | Noticed an orc high priest
 20707 | Orc:1    | Killed an orc high priest
 20707 | Orc:1    | Reached XP level 13. HP: 24/72 MP: 16/16
 20742 | Orc:1    | Lost mutation: You are partially covered in rugged brown scales. (AC +1, +3% HP) [Jiyva's grace]
 20750 | Orc:1    | Gained mutation: Your body sometimes deteriorates upon taking damage. [Jiyva's grace]
 20783 | Orc:2    | Entered Level 2 of the Orcish Mines
 20785 | Orc:2    | Noticed an ettin
 20788 | Orc:2    | Found Feamp's Jewellery Shop.
 20865 | Orc:1    | Killed an ettin
 20937 | Orc:1    | Identified a scroll of acquirement
 21074 | Orc:2    | Killed from afar by an orc wizard

Vault maps used:
D:1:      minmay_arrival_up_and_down
D:2:      nicolae_tso_swordbearing_angel, nicolae_overflow_hidden_temple
D:3:      okawaru_gym_becter, yredelemnul_altar_generic, first_bread,
          st_stairs_4, grunt_ministairs_1, uniq_ijyb
D:4:      doesnt_xom_only_xom, temple_hall, minmay_misc_feat_cross,
          grunt_ministairs_1, uniq_blork_the_orc
D:5:      kennysheep_mini_moat, serial_bayou, serial_bayou_lagoon_a,
          serial_bayou_pond_c, serial_bayou_crossing, serial_bayou_ford_a,
          serial_bayou_pond_d
D:6:      cheibriados_altar_1, nicolae_dithmenos_shadow_blocks
D:7:      lemuel_doored_altar, nemelex_altar_shiori, overflow_temple_1_default,
          grunt_qazlal_clouds, uniq_duvessa
D:8:      marbit_many_paths
D:9:      kennysheep_little_box, bloody_makhleb, lair_entry_dummy
D:11:     minmay_orc_entry_guard_dogs, serial_glass, glass_columns_a,
          glass_columns_a, hangedman_fish_farm, nicolae_underground_beach
D:12:     kennysheep_blocky_hall
Lair:1:   lemuel_ratsnest, beast_lair_carwin_11
Lair:2:   nicolae_spider_entry_orb_guardian, st_stairs_7, grunt_megastairs_2,
          infiniplex_staircase_pool_2, lemuel_fruit_fields
Lair:3:   minivault_24
Lair:4:   minmay_shoals_entry_hut
Lair:5:   dpeg_slime_entry_enclosed_altar
Lair:6:   grunt_lair_end_beastmaster, grunt_megastairs_1
Spider:1: cheibrodos_spider_deadly_dance, spider_trap, uniq_rupert, uniq_azrael
Slime:3:  nicolae_slime_barrier
Orc:1:    basic_altar
Orc:2:    st_orc_mages, serial_shops, shop_statue

Skill      XL: |  1  2  3  4  5  6  7  8  9 10 11 12 13 |
---------------+----------------------------------------+-----
Stealth        | 6 7 8 9 11 12 13 14 16 | 16.4
Fighting       | 3 4 5 6 7 8 9 |  9.0
Dodging        | 3 6 8 10 12 13 14 | 14.1
Unarmed Combat | 1 |  1.6
Short Blades   | 3 6 9 10 | 10.0
Shields        | 4 6 7 |  7.2
Evocations     | 3 |  3.6
Throwing       | |  2.0

Action                   |  1- 3 |  4- 6 |  7- 9 | 10-12 | 13-15 || total
-------------------------+-------+-------+-------+-------+-------++-------
Melee: Dagger            |   154 |   108 |   237 |  1836 |   120 ||  2455
       Bite              |       |       |     9 |       |       ||     9
       Punch             |       |       |     2 |       |       ||     2
       Headbutt          |       |       |    17 |   216 |       ||   233
       Pseudopods        |       |       |       |   384 |       ||   384
       Short sword       |       |       |       |   179 |       ||   179
       Kick              |       |       |       |    25 |    72 ||    97
 Fire: Blowgun           |    12 |     3 |       |       |       ||    15
Invok: Request Jelly     |       |       |     7 |     1 |       ||     8
       Slimify           |       |       |       |     6 |       ||     6
Evoke: Wand              |       |       |     2 |     7 |       ||     9
       Phial of floods   |       |       |       |     1 |       ||     1
  Use: Potion            |     1 |       |       |     3 |       ||     4
       Scroll            |       |       |       |    13 |     6 ||    19
 Stab: Sleeping          |    11 |     9 |    32 |    23 |     1 ||    76
       Distracted        |       |       |     2 |    16 |       ||    18
  Eat: Royal jelly       |       |     1 |       |       |       ||     1
       Fruit             |       |       |     2 |       |       ||     2
       Bread ration      |       |       |     1 |       |       ||     1
Armor: Robe              |    30 |    16 |    12 |    27 |     1 ||    86
Dodge: Dodged            |   120 |    69 |   134 |   934 |    65 ||  1322
Block: Buckler           |       |       |       |   683 |    75 ||   758

Vault maps used:
D:1:      minmay_arrival_up_and_down
D:2:      nicolae_tso_swordbearing_angel, nicolae_overflow_hidden_temple
D:3:      okawaru_gym_becter, yredelemnul_altar_generic, first_bread,
          st_stairs_4, grunt_ministairs_1, uniq_ijyb
D:4:      doesnt_xom_only_xom, temple_hall, minmay_misc_feat_cross,
          grunt_ministairs_1, uniq_blork_the_orc
D:5:      kennysheep_mini_moat, serial_bayou, serial_bayou_lagoon_a,
          serial_bayou_pond_c, serial_bayou_crossing, serial_bayou_ford_a,
          serial_bayou_pond_d
D:6:      cheibriados_altar_1, nicolae_dithmenos_shadow_blocks
D:7:      lemuel_doored_altar, nemelex_altar_shiori, overflow_temple_1_default,
          grunt_qazlal_clouds, uniq_duvessa
D:8:      marbit_many_paths
D:9:      kennysheep_little_box, bloody_makhleb, lair_entry_dummy
D:11:     minmay_orc_entry_guard_dogs, serial_glass, glass_columns_a,
          glass_columns_a, hangedman_fish_farm, nicolae_underground_beach
D:12:     kennysheep_blocky_hall
Lair:1:   lemuel_ratsnest, beast_lair_carwin_11
Lair:2:   nicolae_spider_entry_orb_guardian, st_stairs_7, grunt_megastairs_2,
          infiniplex_staircase_pool_2, lemuel_fruit_fields
Lair:3:   minivault_24
Lair:4:   minmay_shoals_entry_hut
Lair:5:   dpeg_slime_entry_enclosed_altar
Lair:6:   grunt_lair_end_beastmaster, grunt_megastairs_1
Spider:1: cheibrodos_spider_deadly_dance, spider_trap, uniq_rupert, uniq_azrael
Slime:3:  nicolae_slime_barrier
Orc:1:    basic_altar
Orc:2:    st_orc_mages, serial_shops, shop_statue
